 Dungeon Crawl Stone Soup version 0.28-a0-461-g2dc4ca5097 (webtiles) character file.

Game seed: 593392138874862809

16 Squid the Chiller (level 2, 10/19 HPs)
             Began as a Merfolk Ice Elementalist on Sept 13, 2021.
             Quit the game on level 2 of the Dungeon on Sept 14, 2021.
             The game lasted 00:11:16 (374 turns).

Squid the Chiller (Merfolk Ice Elementalist)         Turns: 374, Time: 00:11:16

Health: 10/19      AC:  5    Str:  8    XL:     2   Next: 54%
Magic:  5/5        EV: 13    Int: 14    God:
Gold:   50         SH:  0    Dex: 14    Spells: 4/5 levels left

rFire   . . .      SeeInvis .   d - +0 short sword
rCold   . . .      Faith    .   (no shield)
rNeg    . . .      Spirit   .   a - +0 robe
rPois   .          Reflect  .   (no helmet)
rElec   .          Harm     .   (no cloak)
rCorr   .          Rampage  .   f - +2 pair of gloves
Will    .....                   (no boots)
Stlth   ++........              (no amulet)
HPRegen 0.06/turn               (no ring)
MPRegen 0.09/turn               (no ring)

@: no status effects
A: (nimble swimmer 2), mertail
a: no special abilities


You were on level 2 of the Dungeon.
You visited 1 branch of the dungeon, and saw 2 of its levels.

You collected 50 gold pieces.

Inventory:

Hand Weapons
 b - a +0 club
 d - a +0 short sword (weapon)
Missiles
 c - 28 arrows
Armour
 a - a +0 robe (worn)
 e - a +0 chain mail
 f - a +2 pair of gloves (worn)
Scrolls
 g - a scroll of blinking


   Skills:
 + Level 2.9 Dodging
 + Level 2.2 Stealth
 + Level 2.3 Spellcasting
 + Level 4.7 Ice Magic


You had 4 spell levels left.
You knew the following spells:

 Your Spells              Type           Power      Damage    Failure   Level
a - Freeze                Ice            60%        1d8       3%          1

Your spell library contained the following spells:

 Spells                   Type           Power      Damage    Failure   Level
 Frozen Ramparts          Ice            30%        1d5       10%         3
 Ozocubu's Armour         Ice            15%        N/A       10%         3
 Hailstorm                Conj/Ice       8%         3d4       65%         4


Dungeon Overview and Level Annotations

Branches:
Dungeon (2/15)

Altars:


Innate Abilities, Weirdness & Mutations

((You are quick and stealthy near water. (Stealth+, EV+, Speed+++)))
Your lower body shifts to a powerful aquatic tail in water.


Message History

The bat misses you. The bat completely misses you.
The bat hits you but does no damage.
There is a shaft here.
You barely miss the bat. The bat barely misses you.
The bat hits you but does no damage. The bat misses you.
You closely miss the bat. The bat hits you but does no damage.
You barely miss the bat. The bat hits you. The bat misses you.
The bat hits you but does no damage.
You barely miss the bat. The bat misses you.
You hit the bat.
You kill the bat!
Unknown command.
Casting: Freeze (safe; 3% risk of failure)
Confirm with . or Enter, or press ? or * to list all spells.
Okay, then.
Casting: Freeze (safe; 3% risk of failure)
Confirm with . or Enter, or press ? or * to list all spells.
You don't know that spell.
Okay, then.
You aren't wearing any rings or amulets.
Okay, then.
There's nothing to open nearby.
You aren't carrying any pieces of jewellery.
Save game and exit? [Y]es or [N]o only, please.
Save game and exit?
Okay, then.
Found a stone staircase leading up.
You see here a bat corpse.
Casting: Freeze (safe; 3% risk of failure)
Confirm with . or Enter, or press ? or * to list all spells.
You don't know that spell.
There's nothing to close nearby.
There's nothing to close nearby.
You aren't carrying any items that you can evoke.
You're too inexperienced to learn that spell!
You're too inexperienced to learn that spell!
You can't see any susceptible monsters within range! (Use Z to cast anyway.) Are you sure you want to abandon this character and quit the game? (Confirm with "yes".)

#...< ...# #######
.... ....^.# ..#
......# ..# ......##
#.# ##.....# #.#
##.....##########†##
....†...........@..#
#.†....##.#####.##.#
#......##.# ....#^#
#......##.# ###..#_#
#......##.# #..###
#......##.# #.#.
#.#######.# #.#..
#.# #.# #.##. #.


There were no monsters in sight!

Vanquished Creatures
  A dart slug (D:2)
  2 ball pythons
  2 hobgoblins
  6 bats
  2 rats (D:1)
13 creatures vanquished.

Notes
Turn   | Place    | Note
-------+----------+-------------------------------------------
     0 | D:1      | Squid the Merfolk Ice Elementalist began the quest for the
                  | Orb.
     0 | D:1      | Reached XP level 1. HP: 13/13 MP: 3/3
   176 | D:1      | Reached XP level 2. HP: 10/19 MP: 1/5
   357 | D:2      | Found a faded altar of an unknown god.
   374 | D:2      | Quit the game

Illustrated notes

Levels and vault maps discovered:
D:1:      minmay_arrival_loop, layout_rooms, minmay_pentomino_q2
D:2:      layout_basic, hellmonk_ecumenical_altar_leap_of_faith, serial_shops,
          nicolae_shop_behind_doors, minmay_worlds_worst_comb

Action                   || total
-------------------------++-------
Melee: Short sword       ||    31
       Club              ||     1
 Cast: Freeze            ||    11
  Use: Scroll            ||     2
Armor: Robe              ||    35
Dodge: Dodged            ||    54

Table legend: (Time is in decaauts)
 A = Elapsed time spent in this place.
 B = Non-inter-level travel time spent in this place.
 C = Inter-level travel time spent in this place.
 D = Time resting spent in this place.
 E = Time spent auto-exploring this place.
 F = Levels seen in this place.
 G = Mean time per level.
                   A        B        C        D        E       F      G
               +--------+--------+--------+--------+--------+-----+--------+
         Total |    376 |    376 |      0 |      0 |      0 |   2 |  188.0 |
       Dungeon |    376 |    376 |      0 |      0 |      0 |   2 |  188.0 |
               +--------+--------+--------+--------+--------+-----+--------+

Top non-repeatable levels by time:
     D:1: 304 daAuts
     D:2: 71 daAuts
